 Dungeon Crawl Stone Soup version 0.28-a0-655-g4eb62b627b (webtiles) character file.

Game seed: 9209562324334928733

63 willcat the Sneak (level 4, -3/35 HPs)
             Began as a Human Delver on Oct 12, 2021.
             Killed from afar by an orc wizard (8 damage)
             ... with a puff of flame
             ... on level 6 of the Dungeon.
             The game lasted 00:01:10 (465 turns).

willcat the Sneak (Human Delver)                     Turns: 465, Time: 00:01:11

Health: -3/35      AC:  3    Str: 12    XL:     4   Next: 31%
Magic:  4/4        EV: 12    Int: 11    God:
Gold:   15         SH:  0    Dex: 15    Spells: 3/3 levels left

rFire   . . .      SeeInvis .   a - +0 short sword
rCold   + . .      Faith    .   (no shield)
rNeg    . . .      Spirit   .   b - +0 leather armour
rPois   .          Reflect  .   (no helmet)
rElec   .          Harm     .   (no cloak)
rCorr   .          Rampage  .   (no gloves)
Will    .....                   (no boots)
Stlth   +++.......              (no amulet)
HPRegen 0.11/turn               h - ring of protection from cold
MPRegen 0.09/turn               (no ring)

@: no status effects
A: no striking features
a: no special abilities


You were on level 6 of the Dungeon.
You visited 1 branch of the dungeon, and saw 2 of its levels.

You collected 15 gold pieces.

Inventory:

Hand Weapons
 a - a +0 short sword (weapon)
Armour
 b - a +0 leather armour (worn)
Jewellery
 h - a ring of protection from cold (left hand)
Wands
 g - a wand of digging (8)
Scrolls
 c - a scroll of fog
 d - a scroll of magic mapping


   Skills:
 - Level 3.0 Fighting
 + Level 2.9 Short Blades
 + Level 2.9 Dodging
 + Level 5.5 Stealth


You had 3 spell levels left.
You didn't know any spells.
Your spell library was empty.

Dungeon Overview and Level Annotations

Branches:
Dungeon (6/15)
 Temple: D:4-7

Altars:


Message History

You closely miss something. You barely miss something.
Something hits you but does no damage. The orc misses you.
You closely miss something. Something hits you but does no damage.
The orc hits you with a +0 short sword.
* * * LOW HITPOINT WARNING * * *
A magic dart appears from out of thin air!
The magic dart hits you.
* * * LOW HITPOINT WARNING * * *
Unknown command.
Okay, then.
You aren't carrying any potions.
As you read the scroll of fear, it crumbles to dust.
You assume a fearsome visage.
The orc looks frightened!
Unknown command.
Okay, then.
The orc mumbles, "Of all the rotten luck!"
The orc barely misses you. The orc hits you but does no damage.
You hit the orc.
The orc is almost dead.
You barely miss the orc.
The orc is almost dead.
The orc closely misses you.
You hit the orc.
You kill the orc!
Unknown command.
Unknown command.
Things that are here:
a +0 trident; an orc corpse Your extra speed is starting to run out.
The orc wizard gestures wildly while chanting.
The orc wizard flickers and vanishes!
You feel yourself slow down.
Okay, then.
You aren't carrying any potions.
Unknown command.
A puff of flame appears from out of thin air!
The puff of flame hits you!
You die...

...# #..# #..#
#..# #..# #..#
#..# #@.# #..#
#..# #..# #..#
#..#
###########{.#
......{......#
###########.######


There were no monsters in sight!

Vanquished Creatures
  A centaur skeleton (D:6)
  An orc priest (D:6)
  An adder zombie (D:5)
  An orc (D:6)
4 creatures vanquished.

Notes
Turn   | Place    | Note
-------+----------+-------------------------------------------
     0 | D:5      | willcat the Human Delver began the quest for the Orb.
     0 | D:5      | Reached XP level 1. HP: 18/18 MP: 1/1
     7 | D:5      | Noticed an ice beast
    45 | D:5      | Noticed an iguana
   217 | D:6      | Reached XP level 2. HP: 11/24 MP: 2/2
   217 | D:6      | Reached XP level 3. HP: 14/29 MP: 3/3
   428 | D:6      | Reached XP level 4. HP: 9/35 MP: 4/4
   465 | D:6      | Killed from afar by an orc wizard

Illustrated notes

Levels and vault maps discovered:
D:5:      layout_rooms, minmay_temple_entry_junction_2, portal_sewer_entry_b
D:6:      layout_basic, nicolae_qazlal_scattered_showers, uniq_eustachio,
          uniq_duvessa, uniq_grinder

Action                   |  1- 3 |  4- 6 || total
-------------------------+-------+-------++-------
Melee: Short sword       |    34 |     6 ||    40
Evoke: Wand              |     1 |       ||     1
  Use: Potion            |     1 |       ||     1
       Scroll            |       |     1 ||     1
Armor: Leather armour    |     9 |     3 ||    12
Dodge: Dodged            |    15 |     3 ||    18

Table legend: (Time is in decaauts)
 A = Elapsed time spent in this place.
 B = Non-inter-level travel time spent in this place.
 C = Inter-level travel time spent in this place.
 D = Time resting spent in this place.
 E = Time spent auto-exploring this place.
 F = Levels seen in this place.
 G = Mean time per level.
                   A        B        C        D        E       F      G
               +--------+--------+--------+--------+--------+-----+--------+
         Total |    447 |    447 |      0 |    192 |    116 |   2 |  223.5 |
       Dungeon |    447 |    447 |      0 |    192 |    116 |   2 |  223.5 |
               +--------+--------+--------+--------+--------+-----+--------+

Top non-repeatable levels by time:
     D:6: 259 daAuts
     D:5: 187 daAuts
